 Dungeon Crawl Stone Soup version 0.18-b1-2-gd0c887e (webtiles) character file.

8562 barb4r1an the Fighter (level 11, -31/148 HPs)
             Began as a Minotaur Berserker on Apr 28, 2016.
             Was a High Priest of Trog.
             Annihilated by a white ugly thing (35 damage)
             ... on level 11 of the Dungeon.
             The game lasted 00:14:35 (7597 turns).

barb4r1an the Fighter (Minotaur Berserker)          Turns: 7597, Time: 00:14:38

Health: -31/148    AC: 18    Str: 31    XL:     11   Next: 11%
Magic:  3/3        EV: 15    Int:  4    God:    Trog [*****.]
Gold:   551        SH:  4    Dex: 11    Spells: 0 memorised, 10 levels left

rFire  . . .     SeeInvis .     S - +4 battleaxe (antimagic)
rCold  . . .     Gourm    .     y - +3 ring mail "Dasmoavi" {Regen+}
rNeg   + . .     Faith    .     (shield currently unavailable)
rPois  .         Spirit   .     (helmet restricted)
rElec  .         Dismiss  .     C - +0 cloak (curse)
rCorr  +         Reflect  +     X - +2 pair of gloves {Str+3}
SustAt .         Harm     .     (no boots)
MR     ++...                    f - +4 amulet of reflection
Stlth  ..........               a - ring of positive energy
                                K - ring of resist corrosion

@: berserking, regenerating, very quick, very resistant to hostile enchantments,
extremely unstealthy
A: retaliatory headbutt, horns 2, rough black scales 1, mutation resistance 1
a: Berserk, Trog's Hand, Brothers in Arms, Burn Spellbooks, Renounce Religion


You were on level 11 of the Dungeon.
You worshipped Trog.
Trog was extremely pleased with you.
You were very hungry.

You visited 1 branch of the dungeon, and saw 11 of its levels.

You collected 551 gold pieces.

Inventory:

Hand Weapons
 q - a +0 flail of crushing
 L - a +0 hand axe
 S - a +4 antimagic battleaxe (weapon)
Armour
 n - a +0 shield
 p - a +0 scale mail of poison resistance
 y - the +3 ring mail "Dasmoavi" (worn) {Regen+}
   (You found it on level 5 of the Dungeon)

   It increases your rate of regeneration.
 C - a cursed +0 cloak (worn)
 U - a +1 pair of gloves of dexterity
 X - a +2 pair of gloves of strength (worn)
Jewellery
 a - a ring of positive energy (right hand)
 f - a +4 amulet of reflection (around neck)
 K - a ring of resist corrosion (left hand)
 W - an uncursed amulet of guardian spirit {unknown}
Scrolls
 d - 2 scrolls of immolation {unknown}
 e - 4 scrolls of enchant weapon {unknown}
 g - 16 scrolls of identify {unknown}
 j - 3 scrolls of teleportation {unknown}
 k - a scroll of silence {unknown}
 l - a scroll of recharging {unknown}
 m - a scroll of fear {unknown}
 r - a scroll of noise {unknown}
 x - 4 scrolls of amnesia {unknown}
 E - 2 scrolls of remove curse {unknown}
 J - 2 scrolls of acquirement {unknown}
 R - 2 scrolls of enchant armour {unknown}
Potions
 h - 4 potions of curing
 i - a potion of heal wounds {unknown}
 o - a potion of magic {unknown}
 s - a potion of cancellation {unknown}
 t - a potion of cure mutation {unknown}
 u - a potion of invisibility {unknown}
 w - 2 potions of flight {unknown}
 B - a potion of haste {unknown}
 F - 2 potions of mutation {unknown}
 H - 2 potions of berserk rage {unknown}
 I - 3 potions of lignification {unknown}
 Q - 2 potions of might {unknown}
Books
 N - a book of Dreams

   Spells                             Type                      Level
   a - Ensorcelled Hibernation        Hexes/Ice                    2
   b - Silence                        Hexes/Air                    5
   c - Darkness                       Hexes                        6
   d - Shadow Creatures               Summoning                    6
   Trog disapproves of the use of such an item.
 P - a book of Enchantments

   Spells                             Type                      Level
   a - Cause Fear                     Hexes                        4
   b - Yara's Violent Unravelling     Hexes/Transmutation          5
   c - Silence                        Hexes/Air                    5
   d - Deflect Missiles               Charms/Air                   6
   e - Haste                          Charms                       6
   f - Discord                        Hexes                        8
   Trog disapproves of the use of such an item.
Comestibles
 b - 18 fruits
 c - 5 bread rations
 v - a royal jelly
 z - 4 meat rations
 A - 3 beef jerkies


   Skills:
 + Level 9.9 Fighting
 * Level 6.0(8.1) Axes
 - Level 8.4(9.3) Maces & Flails
 + Level 9.3 Armour
 + Level 8.7 Dodging
 + Level 9.2 Shields


You had 10 spell levels left.
You didn't know any spells.

Dungeon Overview and Level Annotations

Branches:
Dungeon (12/15)            Temple (0/1) D:6
   Lair: D:8-11         Orc: D:9-12

Altars:
Ashenzari
Cheibriados
Fedhas
Gozag
Makhleb
Okawaru
Pakellas
Qazlal
Sif Muna
Vehumet
Xom
The Shining One

Shops:
D:4 [   D:6 [   D:11 :   D:12 (

Annotations:
D:9 exclusion: obsidian statue


Innate Abilities, Weirdness & Mutations

You reflexively headbutt those who attack you in melee.
You have a pair of horns on your head.
You are partially covered in rough black scales (AC +4, Dex -1).
You are somewhat resistant to further mutation.


Message History

The white ugly thing closely misses you.
You slash the white ugly thing!
The white ugly thing is severely wounded.
You hit something. Something hits you. The white ugly thing claws you.
* * * LOW HITPOINT WARNING * * *
The white ugly thing freezes you!
* * * LOW HITPOINT WARNING * * *
Unknown command.
A red film seems to cover your vision as you go berserk!
You feel yourself moving faster!
You feel mighty!
You are feeling very hungry.
The white ugly thing closely misses you.
You completely miss the white ugly thing.
The white ugly thing is severely wounded.
You barely miss something. Something hits you.
* * * LOW HITPOINT WARNING * * *
The white ugly thing claws you!
* * * LOW HITPOINT WARNING * * *
The white ugly thing freezes you!!
You die...

...+ .....#+###.# ......c.
...###........#.# #..cc.c
.8..##........#.# #.....#
+.#..'........#.# .....c##
)∩.8.#........#.# #......
#.#.##........#.# #....####
#8#.##........#(# #........
..#.# ####'###(#####(....#
....####.......)@uc.(.....#
.......#....##.###c..........
....##.#....##...............
....##......####.............
###..............#######.....
# #####..........# .....
#####.....#......# .....
..........#......# ..
..........#......#


You could see a white ugly thing and 2 centaurs.

Vanquished Creatures
  The ghost of PeterLawrence the Basher, a novice MiFi of Okawaru (D:7)
  A hill giant (D:12)
  Joseph (D:8)
  Maurice (D:8)
  A komodo dragon (D:11)
  2 trolls (D:9)
  Prince Ribbit (D:8)
  3 hippogriffs
  A hungry ghost (D:8)
  A mottled dragon (D:12)
  4 vampire mosquitoes (D:12)
  2 orc warriors (D:6)
  An ice beast (D:9)
  A sky beast (D:6)
  2 phantoms
  5 ogres
  The ghost of Shenda the Twirler, an amateur DsGl (D:3)
  12 centaurs
  A big kobold (D:11)
  3 giant frogs
  3 scorpions
  7 killer bees
  4 howler monkeys
  2 electric eels (D:8)
  5 crimson imps
  6 hounds
  2 centaur skeletons
  3 giant frog skeletons
  5 orc priests
  8 orc wizards
  2 gnoll shamans
  3 jellies
  2 iguanas
  12 worker ants
  2 hound zombies
  2 hound skeletons
  2 worker ant zombies
  A howler monkey zombie (D:7)
  6 adders
  11 gnolls
  2 shadow imps
  An ooze (D:1)
  An adder skeleton (D:7)
  4 worms
  3 dart slugs
  2 giant geckos
  43 orcs
  10 bats
  6 giant cockroaches
  5 goblins
  7 hobgoblins
  13 jackals
  6 quokkas
  2 giant newts
  10 kobolds
  A quokka skeleton (D:5)
  6 rats
255 creatures vanquished.

Vanquished Creatures (others)
  A very ugly thing (D:2)
  A jackal (D:6)
  A bush (D:2)
3 creatures vanquished.

Grand Total: 258 creatures vanquished

Notes
Turn   | Place    | Note
--------------------------------------------------------------
     0 | D:1      | barb4r1an the Minotaur Berserker began the quest for the Orb.
     0 | D:1      | Reached XP level 1. HP: 19/19 MP: 0/0
    34 | D:1      | Found a glowing golden altar of the Shining One.
    71 | D:1      | Reached XP level 2. HP: 11/27 MP: 1/1
   389 | D:1      | Reached ** piety under Trog
   420 | D:1      | Reached XP level 3. HP: 33/33 MP: 2/2
  1119 | D:2      | Reached XP level 4. HP: 40/41 MP: 3/3
  1216 | D:2      | Found an oddly glowing altar of Pakellas.
  1217 | D:2      | Noticed a red very ugly thing
  1229 | D:2      | Killed a red very ugly thing
  1460 | D:3      | Reached skill level 1 in Shields
  1514 | D:3      | Noticed Shenda's ghost (amateur DsGl)
  1546 | D:3      | Killed Shenda's ghost
  1546 | D:3      | Reached skill level 1 in Maces & Flails
  1546 | D:3      | Reached XP level 5. HP: 37/47 MP: 4/4
  1932 | D:4      | Noticed an ogre
  1936 | D:4      | Killed an ogre
  1936 | D:4      | Reached skill level 5 in Fighting
  1936 | D:4      | Reached XP level 6. HP: 46/56 MP: 5/5
  1942 | D:4      | Reached *** piety under Trog
  2008 | D:4      | Found a blossoming altar of Fedhas.
  2027 | D:4      | Found Olig Xof's Antique Armour Shop.
  2311 | D:4      | Found a shattered altar of Ashenzari.
  2326 | D:4      | Reached XP level 7. HP: 59/61 MP: 6/6
  2398 | D:4      | Received a gift from Trog
  2542 | D:5      | Entered Level 5 of the Dungeon
  2543 | D:5      | Found a burning altar of Makhleb.
  2843 | D:5      | Found an iron altar of Okawaru.
  2850 | D:5      | Found a radiant altar of Vehumet.
  2905 | D:5      | Found a deep blue altar of Sif Muna.
  3037 | D:5      | Found an opulent altar of Gozag.
  3049 | D:5      | Got a brightly glowing ring mail
  3060 | D:5      | Identified the +3 ring mail "Dasmoavi" {Regen+} (You found it on level 5 of the Dungeon)
  3236 | D:6      | Reached skill level 5 in Armour
  3362 | D:6      | Found a staircase to the Ecumenical Temple.
  3420 | D:6      | Reached XP level 8. HP: 70/70 MP: 7/7
  3573 | D:6      | Reached skill level 5 in Dodging
  3573 | D:6      | Reached skill level 5 in Shields
  3587 | D:6      | Reached **** piety under Trog
  3597 | D:6      | Gained mutation: You passively map a small area around you. [mutagenic meat]
  3598 | D:6      | Gained mutation: You are somewhat resistant to further mutation. [mutagenic meat]
  3599 | D:6      | Lost mutation: You passively map a small area around you. [mutagenic meat]
  3601 | D:6      | Gained mutation: You are partially covered in rough black scales (AC +4, Dex -1). [mutagenic meat]
  3645 | D:6      | Reached skill level 5 in Maces & Flails
  3868 | D:6      | Found Gijo's Armour Boutique.
  4051 | D:6      | Reached XP level 9. HP: 79/79 MP: 8/8
  4856 | D:7      | Noticed PeterLawrence's ghost (novice MiFi)
  4872 | D:7      | Killed PeterLawrence's ghost
  5079 | D:8      | Reached ***** piety under Trog
  5106 | D:8      | Noticed Maurice
  5321 | D:8      | Found a stormy altar of Qazlal.
  5340 | D:8      | Found a shimmering altar of Xom.
  5469 | D:8      | Killed Maurice
  5687 | D:8      | Noticed Prince Ribbit
  5964 | D:8      | Noticed Joseph
  5973 | D:8      | Killed Joseph
  5973 | D:8      | Reached XP level 10. HP: 87/90 MP: 9/9
  6061 | D:8      | Found a blossoming altar of Fedhas.
  6198 | D:8      | Killed Prince Ribbit
  6499 | D:9      | Found a snail-covered altar of Cheibriados.
  6827 | D:9      | Noticed an obsidian statue
  6851 | D:9      | You fall through a shaft for 3 floors!
  6910 | D:12     | Noticed a hill giant
  6913 | D:12     | Received a gift from Trog
  6917 | D:12     | Killed a hill giant
  6990 | D:12     | Found Meungue's Weapon Boutique.
  7075 | D:12     | Reached skill level 5 in Axes
  7392 | D:11     | Found Quhes's Book Shoppe.
  7402 | D:11     | Reached XP level 11. HP: 64/99 MP: 3/10
  7582 | D:11     | Noticed a white ugly thing
  7597 | D:11     | HP: 4/148 [white ugly thing (10)]
  7597 | D:11     | Annihilated by a white ugly thing

Skill      XL: |  1  2  3  4  5  6  7  8  9 10 11 |
---------------+----------------------------------+-----
Axes           | 4 5 6 |  6.0
Fighting       | 4 5 6 7 8 9 |  9.9
Armour         | 3 4 5 6 8 9 |  9.3
Shields        | 1 2 3 4 5 7 9 |  9.2
Maces & Flails | 1 2 3 4 5 7 8 |  8.4
Dodging        | 3 4 6 7 8 |  8.7

Action                   |  1- 3 |  4- 6 |  7- 9 | 10-12 || total
-------------------------+-------+-------+-------+-------++-------
Melee: Hand axe          |    87 |    18 |       |       ||   105
       Headbutt          |    13 |    15 |    76 |    42 ||   146
       Flail             |       |    92 |   405 |   149 ||   646
       Battleaxe         |       |       |       |    79 ||    79
Invok: Trog's Hand       |       |     1 |     2 |     3 ||     6
       Berserk           |       |     1 |     1 |     2 ||     4
  Eat: Meat ration       |       |     1 |       |       ||     1
       Chunk             |       |       |    10 |     3 ||    13
       Bread ration      |       |       |     2 |     1 ||     3
       Fruit             |       |       |     1 |       ||     1
Armor: Animal skin       |    12 |       |       |       ||    12
       Scale mail        |    15 |    40 |    10 |       ||    65
       Ring mail         |       |       |   118 |   128 ||   246
Dodge: Dodged            |    56 |    30 |   150 |   132 ||   368
Block: Other             |    11 |       |       |    30 ||    41
       Shield            |     8 |    84 |   370 |   120 ||   582
       Reflection        |     2 |     5 |     6 |     6 ||    19
